VEGAS vs MINNESOTA

Created - April 17, 2021 at 16:09

Goals
1 2 3 T
VEGAS 0 0 0 0
MINNESOTA 4 1 1 6
Shots
1 2 3 T
VEGAS 8 3 3 14
MINNESOTA 9 8 19 36

1st period

1. MINNESOTA , Niklas Hjalmarsson 7 (William Carrier 7, Johan Larsson 9) at 5:59
2. MINNESOTA , Mats Zuccarello 12 (Nikita Kucherov 33, John Tavares 24) at 10:52 (PP)
3. MINNESOTA , Nikita Kucherov 29 (John Tavares 25, Kyle Connor 24) at 12:08
4. MINNESOTA , Kyle Connor 18 (Niklas Hjalmarsson 11) at 13:53

Penalties :
Colin White (MIN) for Hooking (Minor) at 1:07, Colin White (MIN) for Fighting (Major) at 9:47, Max Comtois (VGK) for Fighting (Major) at 9:47, Max Comtois (VGK) for instigated a fight (Game Misconduct) at 9:47, Nikita Zadorov (VGK) for Hooking (Minor) at 18:09

2nd period

5. MINNESOTA , Tanner Pearson 12 (Colin White 9, Mark Giordano 28) at 13:26

Penalties :
Noah Hanifin (VGK) for Holding (Minor) at 6:07

3rd period

6. MINNESOTA , Nikita Kucherov 30 (Kyle Connor 25) at 7:21 (PP)

Penalties :
Sam Reinhart (VGK) for Holding (Minor) at 0:03, Josh Anderson (VGK) for Cross-checking (Minor) at 4:30, Braden Holtby (VGK) for Slashing (Minor) at 6:05 - Nikita Zadorov served the penalty., Stephen Johns (VGK) for Slashing (Minor) at 19:12

Goalie Stats

Braden Holtby (VGK), 30 saves from 36 shots - (0.833), L, 25-25-4, 60:00 minutes
Andrei Vasilevskiy (MIN), 14 saves from 14 shots - (1.000), W, 26-15-2, 60:00 minutes

Players Stats for VEGAS

Player Name              G  A  P  +/- PIM S  H  SB GA TA FO     MP     PP MP  PK MP  
------------------------------------------------------------------------------------
Alexander Kerfoot        0  0  0   0  0   1  0  1  0  0  3/14   14:04   1:17   0:00 
Cody Glass               0  0  0  -1  0   1  1  0  0  0  5/11   11:12   0:00   0:00 
Daniel Sprong            0  0  0  -1  0   1  0  0  0  0  1/1    11:12   0:00   0:00 
Devon Toews              0  0  0  -1  0   0  0  2  0  0  0/0    20:38   1:17   4:25 
Jayce Hawryluk           0  0  0  -1  0   0  0  0  0  0  0/0     8:43   0:00   0:16 
Josh Anderson            0  0  0   0  2   2  3  0  0  0  1/2    14:13   1:17   0:10 
Kyle Turris              0  0  0  -2  0   2  3  0  0  0  3/4    18:35   0:42   2:58 
Matt Luff                0  0  0  -1  0   0  0  0  0  0  0/0     7:13   0:00   0:00 
Max Comtois              0  0  0   0  17  0  1  0  0  0  0/0     1:13   0:00   0:00 
Mikhail Grigorenko       0  0  0   0  0   0  0  0  0  0  0/0     0:00   0:00   0:00 
Nick Holden              0  0  0  -1  0   0  3  2  0  0  0/0    23:48   0:42   5:35 
Nikita Zadorov           0  0  0  -1  2   1  5  1  0  0  0/0    19:51   1:17   3:39 
Noah Hanifin             0  0  0  -1  2   0  2  1  0  0  0/0    22:35   0:42   4:16 
Oliver Bjorkstrand       0  0  0   0  0   0  0  0  0  0  0/0    18:28   1:17   4:24 
Ondrej Kase              0  0  0  -1  0   2  0  0  0  0  0/1    12:40   0:00   1:28 
Phil Kessel              0  0  0  -2  0   1  0  0  0  0  10/16  22:26   0:42   6:49 
Sam Reinhart             0  0  0  -2  2   3  2  0  0  0  7/19   20:27   0:42   4:51 
Slater Koekkoek          0  0  0  -2  0   0  3  1  0  0  0/0    17:39   0:00   2:45 
Stephen Johns            0  0  0  -2  2   0  3  2  0  0  0/0    15:26   0:00   0:40 
Victor Rask              0  0  0  -1  0   0  0  0  0  0  2/11    8:27   0:00   0:00 

Players Stats for MINNESOTA

Player Name              G  A  P  +/- PIM S  H  SB GA TA FO     MP     PP MP  PK MP  
------------------------------------------------------------------------------------
Brett Kulak              0  0  0   3  0   0  0  0  0  0  0/0    14:23   0:00   0:57 
Colin White              0  1  1   1  7   1  1  0  0  0  8/13   10:35   0:00   0:00 
Dominik Kahun            0  0  0   2  0   1  0  0  0  0  0/0    10:47   0:00   0:00 
Erik Karlsson            0  0  0   0  0   1  1  1  0  0  0/0    23:15   5:27   0:57 
Johan Larsson            0  1  1   1  0   0  0  0  0  0  9/11    7:55   0:00   0:53 
John Tavares             0  2  2   1  0   3  4  0  0  0  13/27  21:03   5:13   0:00 
Kyle Connor              1  2  3   2  0   5  0  0  0  0  1/1    21:13   5:13   0:00 
Mark Giordano            0  1  1   1  0   0  4  1  0  0  0/0    18:06   0:00   1:02 
Mats Zuccarello          1  0  1   0  0   4  1  0  0  0  1/1    19:48   5:13   0:53 
Matt Calvert             0  0  0   1  0   2  0  0  0  0  0/0     7:02   0:00   0:00 
Nikita Kucherov          2  1  3   1  0   7  1  0  0  0  0/1    21:03   5:13   0:00 
Niklas Hjalmarsson       1  1  2   3  0   1  0  0  0  0  0/0    14:28   0:00   1:02 
Oliver Ekman-Larsson     0  0  0   0  0   2  2  1  0  0  0/0    22:18   5:27   0:00 
Tanner Pearson           1  0  1   2  0   2  2  0  0  0  0/0    17:20   5:27   1:06 
Tomas Hertl              0  0  0   0  0   6  3  0  0  0  14/24  20:15   5:27   1:06 
Torey Krug               0  0  0   1  0   0  0  2  0  0  0/0    22:17   5:13   0:00 
William Carrier          0  1  1   1  0   0  0  0  0  0  0/0     7:02   0:00   0:00 
Zach Hyman               0  0  0   0  0   1  4  0  0  0  1/1    19:09   5:27   0:00 

3 Stars

1 - Nikita Kucherov (MIN)
2 - Kyle Connor (MIN)
3 - Niklas Hjalmarsson (MIN)

Power Play

VEGAS - 0 on 1 Attempt(s) - 0.00%
MINNESOTA - 2 on 7 Attempt(s) - 28.57%

Penalty Kill

VEGAS - 5 on 7 Attempt(s) - 71.43% - Score 0 goal in Penalty Kill
MINNESOTA - 1 on 1 Attempt(s) - 100.00% - Score 0 goal in Penalty Kill

Team Stat

VEGAS - Hits : 26 - Faceoff Wins : 32 - Blocked Shots : 10 - Penalty Minutes : 29
MINNESOTA - Hits : 23 - Faceoff Wins : 47 - Blocked Shots : 5 - Penalty Minutes : 7

Official

Referees : Gord Dwyer and Alex Nellis
Linesman : Knarf Emot and Jonathan Junk Googoo

Game Notes

Colin White and Max Comtois fight to a draw at 9:47 of 1st period
Max Comtois ejected from game at 9:47 of 1st period

Finance

Level 1 -- Attendance: 4094 (68.23%) -- Ticket Income $409,400
Level 2 -- Attendance: 3964 (79.28%) -- Ticket Income $237,840
Level 3 -- Attendance: 1781 (89.05%) -- Ticket Income $62,335
Level 4 -- Attendance: 3762 (94.05%) -- Ticket Income $75,240
Luxury Box -- Attendance: 712 (71.20%) -- Ticket Income $142,400
Game was played at the Xcel Energy Center.
Total Attendance: 14313 (79.52%)
Total Ticket Income: $927,215
Total Income: $927,215

VEGAS

5 vs 5 Forward 
   Center                   Left Wing                Right Wing               Time % Phy DF OF 
 1 Sam Reinhart             Phil Kessel              Kyle Turris              35     1   2  2  
 2 Alexander Kerfoot        Oliver Bjorkstrand       Josh Anderson            30     1   2  2  
 3 Cody Glass               Ondrej Kase              Daniel Sprong            25     1   2  2  
 4 Victor Rask              Max Comtois              Jayce Hawryluk           10     1   2  2  

5 vs 5 Defense 
   Defense                  Defense                                           Time % Phy DF OF 
 1 Noah Hanifin             Nick Holden                                       35     1   2  2  
 2 Nikita Zadorov           Devon Toews                                       30     1   2  2  
 3 Stephen Johns            Slater Koekkoek                                   25     1   2  2  
 4 Noah Hanifin             Nick Holden                                       10     1   2  2  

PowerPlay Forward 
   Center                   Left Wing                Right Wing               Time % Phy DF OF 
 1 Sam Reinhart             Phil Kessel              Kyle Turris              60     1   2  2  
 2 Alexander Kerfoot        Oliver Bjorkstrand       Josh Anderson            40     1   2  2  

PowerPlay Defense
   Defense                  Defense                                           Time % Phy DF OF 
 1 Noah Hanifin             Nick Holden                                       60     1   2  2  
 2 Nikita Zadorov           Devon Toews                                       40     1   2  2  

Penalty Kill 4 Players Forward 
   Center                   Wing                     Time % Phy DF OF 
 1 Phil Kessel              Sam Reinhart             60     1   2  2  
 2 Kyle Turris              Oliver Bjorkstrand       40     1   2  2  

Penalty Kill 4 Players Defense
   Defense                  Defense                  Time % Phy DF OF 
 1 Noah Hanifin             Nick Holden              60     1   2  2  
 2 Nikita Zadorov           Devon Toews              40     1   2  2  

Penalty Kill - 3 Players Forward 
   Forward                                           Time % Phy DF OF 
 1 Phil Kessel                                       60     1   2  2  
 2 Sam Reinhart                                      40     1   2  2  

Penalty Kill - 3 Players Defense
   Defense                  Defense                  Time % Phy DF OF 
 1 Noah Hanifin             Nick Holden              60     1   2  2  
 2 Nikita Zadorov           Devon Toews              40     1   2  2  

4 vs 4 Forward 
   Center                   Wing                     Time % Phy DF OF 
 1 Phil Kessel              Sam Reinhart             60     1   2  2  
 2 Kyle Turris              Oliver Bjorkstrand       40     1   2  2  

4 vs 4 Defense
   Defense                  Defense                  Time % Phy DF OF 
 1 Noah Hanifin             Nick Holden              60     1   2  2  
 2 Nikita Zadorov           Devon Toews              40     1   2  2  

Last Minutes Offensive
   Center                   Left Wing                Right Wing               Defense                  Defense                  
   Sam Reinhart             Phil Kessel              Kyle Turris              Noah Hanifin             Nick Holden              

Last Minutes Defensive
   Center                   Left Wing                Right Wing               Defense                  Defense                  
   Sam Reinhart             Phil Kessel              Kyle Turris              Noah Hanifin             Nick Holden              

Goaltenders
Starting : Braden Holtby            
Backup : Tristan Jarry            

Extra Forwards
Normal : Matt Luff, Mikhail Grigorenko, Ondrej Kase - PP : Matt Luff, Mikhail Grigorenko - PK : Ondrej Kase
Extra Defensemen
Normal : Stephen Johns, Slater Koekkoek, Nikita Zadorov - PP : Stephen Johns - PK : Slater Koekkoek, Nikita Zadorov
Penalty Shots
Phil Kessel, Sam Reinhart, Kyle Turris, Oliver Bjorkstrand, Josh Anderson

Scratches
Jack Johnson (Healthy), VGK Cap Hit (Suspend), Michael Grabner (Healthy)

MINNESOTA

5 vs 5 Forward 
   Center                   Left Wing                Right Wing               Time % Phy DF OF 
 1 John Tavares             Kyle Connor              Nikita Kucherov          37     0   1  4  
 2 Tomas Hertl              Zach Hyman               Mats Zuccarello          33     1   2  2  
 3 Colin White              Tanner Pearson           Dominik Kahun            20     1   2  2  
 4 Johan Larsson            William Carrier          Matt Calvert             10     2   2  1  

5 vs 5 Defense 
   Defense                  Defense                                           Time % Phy DF OF 
 1 Mark Giordano            Torey Krug                                        39     0   2  3  
 2 Oliver Ekman-Larsson     Erik Karlsson                                     37     1   2  2  
 3 Brett Kulak              Niklas Hjalmarsson                                17     1   2  2  
 4 Torey Krug               Erik Karlsson                                     7      0   2  3  

PowerPlay Forward 
   Center                   Left Wing                Right Wing               Time % Phy DF OF 
 1 John Tavares             Mats Zuccarello          Kyle Connor              60     0   0  5  
 2 Tomas Hertl              Zach Hyman               Tanner Pearson           40     1   0  4  

PowerPlay Defense
   Defense                  Defense                                           Time % Phy DF OF 
 1 Torey Krug               Nikita Kucherov                                   60     0   1  4  
 2 Erik Karlsson            Oliver Ekman-Larsson                              40     1   1  3  

Penalty Kill 4 Players Forward 
   Center                   Wing                     Time % Phy DF OF 
 1 Tomas Hertl              Tanner Pearson           60     1   4  0  
 2 Johan Larsson            Mats Zuccarello          40     1   3  1  

Penalty Kill 4 Players Defense
   Defense                  Defense                  Time % Phy DF OF 
 1 Mark Giordano            Niklas Hjalmarsson       60     1   3  1  
 2 Erik Karlsson            Brett Kulak              40     1   4  0  

Penalty Kill - 3 Players Forward 
   Forward                                           Time % Phy DF OF 
 1 Johan Larsson                                     60     1   4  0  
 2 Matt Calvert                                      40     1   4  0  

Penalty Kill - 3 Players Defense
   Defense                  Defense                  Time % Phy DF OF 
 1 Mark Giordano            Niklas Hjalmarsson       60     1   4  0  
 2 Oliver Ekman-Larsson     Erik Karlsson            40     1   4  0  

4 vs 4 Forward 
   Center                   Wing                     Time % Phy DF OF 
 1 John Tavares             Kyle Connor              55     1   2  2  
 2 Tomas Hertl              Nikita Kucherov          45     1   1  3  

4 vs 4 Defense
   Defense                  Defense                  Time % Phy DF OF 
 1 Mark Giordano            Torey Krug               50     1   2  2  
 2 Oliver Ekman-Larsson     Erik Karlsson            50     1   2  2  

Last Minutes Offensive
   Center                   Left Wing                Right Wing               Defense                  Defense                  
   John Tavares             Kyle Connor              Nikita Kucherov          Torey Krug               Erik Karlsson            

Last Minutes Defensive
   Center                   Left Wing                Right Wing               Defense                  Defense                  
   Tomas Hertl              Zach Hyman               Matt Calvert             Mark Giordano            Niklas Hjalmarsson       

Goaltenders
Starting : Andrei Vasilevskiy       
Backup : Gilles Senn              

Extra Forwards
Normal : Tomas Hertl, Zach Hyman, Nikita Kucherov - PP : Zach Hyman, Nikita Kucherov - PK : Tomas Hertl
Extra Defensemen
Normal : Oliver Ekman-Larsson, Erik Karlsson, Mark Giordano - PP : Torey Krug - PK : Niklas Hjalmarsson, Mark Giordano
Penalty Shots
Nikita Kucherov, Mats Zuccarello, Kyle Connor, Tomas Hertl, Tanner Pearson

Scratches
MIN Cap Hit (Healthy)

% Time on Ice - VEGAS

Lines # - Real PCT - Wanted PCT - Time Play
Normal Forward
1 - 32% - 35% - 14:55
2 - 27% - 30% - 12:47
3 - 24% - 25% - 11:12
4 - 18% - 10% - 8:27
Normal Defense
1 - 33% - 35% - 15:37
2 - 32% - 30% - 14:56
3 - 31% - 25% - 14:47
4 - 4% - 10% - 2:01
PP Forward
1 - 35% - 60% - 0:42
2 - 65% - 40% - 1:17
PP Defense
1 - 35% - 60% - 0:42
2 - 65% - 40% - 1:17
PK Forward
1 - 71% - 60% - 7:18
2 - 29% - 40% - 2:58
PK Defense
1 - 57% - 60% - 5:51
2 - 43% - 40% - 4:25
PK3 Forward
1 - 100% - 60% - 0:24
2 - 0% - 40% - 0:00
PK3 Defense
1 - 100% - 60% - 0:24
2 - 0% - 40% - 0:00
44 Forward
1 - 0% - 60%
2 - 0% - 40%
44 Defense
1 - 0% - 60%
2 - 0% - 40%
Last Minute Offensive  - 0:00
Last Minute Defensive  - 0:00
Total
Forward - 60:00
Defense - 60:00

% Time on Ice - MINNESOTA

Lines # - Real PCT - Wanted PCT - Time Play
Normal Forward
1 - 33% - 37% - 15:50
2 - 29% - 33% - 13:42
3 - 23% - 20% - 10:47
4 - 15% - 10% - 7:02
Normal Defense
1 - 36% - 39% - 17:04
2 - 36% - 37% - 16:51
3 - 28% - 17% - 13:26
4 - 0% - 7% - 0:00
PP Forward
1 - 49% - 60% - 5:13
2 - 51% - 40% - 5:27
PP Defense
1 - 49% - 60% - 5:13
2 - 51% - 40% - 5:27
PK Forward
1 - 55% - 60% - 1:06
2 - 45% - 40% - 0:53
PK Defense
1 - 52% - 60% - 1:02
2 - 48% - 40% - 0:57
PK3 Forward
1 - 0% - 60%
2 - 0% - 40%
PK3 Defense
1 - 0% - 60%
2 - 0% - 40%
44 Forward
1 - 0% - 55%
2 - 0% - 45%
44 Defense
1 - 0% - 50%
2 - 0% - 50%
Last Minute Offensive  - 0:00
Last Minute Defensive  - 0:00
Total
Forward - 60:00
Defense - 60:00

Play-by-Play

1st period


0:01 of 1st period - Sam Reinhart wins face-off versus John Tavares in neutral zone.
0:18 of 1st period - Shot by John Tavares.
0:18 of 1st period - Shot Blocked by Nick Holden.
0:51 of 1st period - Kyle Turris is hit by Zach Hyman and loses puck.
0:56 of 1st period - Nick Holden is hit by Tomas Hertl and loses puck.
1:04 of 1st period - Icing by Sam Reinhart.
1:05 of 1st period - Colin White wins face-off versus Sam Reinhart in VEGAS zone.
1:07 of 1st period - Minor Penalty to Colin White for Hooking.
1:08 of 1st period - Tomas Hertl wins face-off versus Josh Anderson in MINNESOTA zone.
1:36 of 1st period - Shot by Josh Anderson.
1:36 of 1st period - Stopped by Andrei Vasilevskiy with a rebound.
1:38 of 1st period - Shot by Devon Toews.
1:38 of 1st period - Shot Misses the Net.
2:09 of 1st period - Shot by Phil Kessel.
2:09 of 1st period - Stopped by Andrei Vasilevskiy without a rebound.
2:10 of 1st period - Johan Larsson wins face-off versus Alexander Kerfoot in MINNESOTA zone.
3:13 of 1st period - Icing by Oliver Ekman-Larsson.
3:14 of 1st period - Cody Glass wins face-off versus John Tavares in MINNESOTA zone.
4:17 of 1st period - Shot by Nikita Zadorov.
4:17 of 1st period - Stopped by Andrei Vasilevskiy with a rebound.
5:09 of 1st period - Zach Hyman is hit by Max Comtois and loses puck.
5:27 of 1st period - Shot by Mats Zuccarello.
5:27 of 1st period - Shot Misses the Net.
5:29 of 1st period - Shot by Mark Giordano.
5:29 of 1st period - Shot Misses the Net.
5:49 of 1st period - Shot by Alexander Kerfoot.
5:49 of 1st period - Stopped by Andrei Vasilevskiy without a rebound.
5:50 of 1st period - Johan Larsson wins face-off versus Sam Reinhart in MINNESOTA zone.
5:57 of 1st period - Shot by William Carrier.
5:57 of 1st period - Shot Misses the Net.
5:59 of 1st period - Shot by Niklas Hjalmarsson.
5:59 of 1st period - Goal by Niklas Hjalmarsson - VEGAS : 0 - MINNESOTA : 1.
6:00 of 1st period - Daniel Sprong wins face-off versus Colin White in neutral zone.
6:15 of 1st period - Shot by Ondrej Kase.
6:15 of 1st period - Shot Misses the Net.
6:46 of 1st period - Dominik Kahun is hit by Josh Anderson and loses puck.
7:22 of 1st period - Shot by Tomas Hertl.
7:22 of 1st period - Deflect By Mats Zuccarello.
7:22 of 1st period - Shot Misses the Net.
8:11 of 1st period - Kyle Turris is hit by Oliver Ekman-Larsson and loses puck.
9:44 of 1st period - Nick Holden is hit by Colin White.
9:47 of 1st period - Colin White and Max Comtois fight to a draw.
9:47 of 1st period - Penalty to Colin White for Fighting.
9:47 of 1st period - Penalty to Max Comtois for Fighting.
9:47 of 1st period - Penalty to Max Comtois for instigated a fight.
9:47 of 1st period - Max Comtois is ejected from game.
9:48 of 1st period - Phil Kessel wins face-off versus Tomas Hertl in VEGAS zone.
10:31 of 1st period - Icing by Nikita Kucherov.
10:32 of 1st period - John Tavares wins face-off versus Phil Kessel in MINNESOTA zone.
10:52 of 1st period - Shot by Mats Zuccarello.
10:52 of 1st period - Goal by Mats Zuccarello - VEGAS : 0 - MINNESOTA : 2.
10:53 of 1st period - Johan Larsson wins face-off versus Victor Rask in neutral zone.
11:15 of 1st period - Off-side.
11:16 of 1st period - Alexander Kerfoot wins face-off versus Tomas Hertl in neutral zone.
11:28 of 1st period - Oliver Ekman-Larsson is hit by Nikita Zadorov and loses puck.
11:33 of 1st period - Shot by Tomas Hertl.
11:33 of 1st period - Stopped by Braden Holtby without a rebound.
11:34 of 1st period - Sam Reinhart wins face-off versus John Tavares in VEGAS zone.
11:34 of 1st period - Sam Reinhart is hit by John Tavares.
11:53 of 1st period - Nick Holden is hit by John Tavares and loses puck.
12:06 of 1st period - Shot by John Tavares.
12:06 of 1st period - Shot Misses the Net.
12:08 of 1st period - Shot by Nikita Kucherov.
12:08 of 1st period - Goal by Nikita Kucherov - VEGAS : 0 - MINNESOTA : 3.
12:09 of 1st period - Tomas Hertl wins face-off versus Alexander Kerfoot in neutral zone.
12:54 of 1st period - Icing by Mark Giordano.
12:55 of 1st period - Tomas Hertl wins face-off versus Sam Reinhart in MINNESOTA zone.
13:13 of 1st period - John Tavares is hit by Kyle Turris and loses puck.
13:27 of 1st period - Nikita Kucherov is hit by Noah Hanifin and loses puck.
13:43 of 1st period - Shot by Nikita Kucherov.
13:43 of 1st period - Stopped by Braden Holtby without a rebound.
13:44 of 1st period - Kyle Connor wins face-off versus Cody Glass in VEGAS zone.
13:53 of 1st period - Shot by Kyle Connor.
13:53 of 1st period - Goal by Kyle Connor - VEGAS : 0 - MINNESOTA : 4.
13:54 of 1st period - Johan Larsson wins face-off versus Alexander Kerfoot in neutral zone.
15:10 of 1st period - Shot by Daniel Sprong.
15:10 of 1st period - Stopped by Andrei Vasilevskiy without a rebound.
15:11 of 1st period - Sam Reinhart wins face-off versus Colin White in MINNESOTA zone.
15:12 of 1st period - Shot by Kyle Turris.
15:12 of 1st period - Shot Misses the Net.
15:14 of 1st period - Shot by Sam Reinhart.
15:14 of 1st period - Stopped by Andrei Vasilevskiy without a rebound.
15:15 of 1st period - Phil Kessel wins face-off versus Tomas Hertl in MINNESOTA zone.
15:33 of 1st period - Shot by Mats Zuccarello.
15:33 of 1st period - Stopped by Braden Holtby without a rebound.
15:34 of 1st period - Cody Glass wins face-off versus John Tavares in VEGAS zone.
16:54 of 1st period - Shot by Sam Reinhart.
16:54 of 1st period - Stopped by Andrei Vasilevskiy with a rebound.
17:48 of 1st period - Icing by Niklas Hjalmarsson.
17:49 of 1st period - Cody Glass wins face-off versus Colin White in MINNESOTA zone.
17:58 of 1st period - Shot by Ondrej Kase.
17:58 of 1st period - Stopped by Andrei Vasilevskiy without a rebound.
17:59 of 1st period - John Tavares wins face-off versus Victor Rask in MINNESOTA zone.
18:09 of 1st period - Minor Penalty to Nikita Zadorov for Hooking.
18:10 of 1st period - John Tavares wins face-off versus Phil Kessel in VEGAS zone.
18:10 of 1st period - Kyle Connor is hit by Slater Koekkoek and loses puck.
18:17 of 1st period - Shot by Nikita Kucherov.
18:17 of 1st period - Stopped by Braden Holtby without a rebound.
18:18 of 1st period - John Tavares wins face-off versus Sam Reinhart in VEGAS zone.
18:25 of 1st period - Shot by Torey Krug.
18:25 of 1st period - Shot Misses the Net.
18:59 of 1st period - Shot by Nikita Kucherov.
18:59 of 1st period - Stopped by Braden Holtby without a rebound.
19:00 of 1st period - Tomas Hertl wins face-off versus Kyle Turris in VEGAS zone.
Goals for this period are 0 for VEGAS vs 4 for MINNESOTA.
Shots for this period are 8 for VEGAS vs 9 for MINNESOTA.

2nd period


0:01 of 2nd period - Phil Kessel wins face-off versus John Tavares in neutral zone.
1:03 of 2nd period - Icing by Devon Toews.
1:04 of 2nd period - John Tavares wins face-off versus Alexander Kerfoot in VEGAS zone.
1:31 of 2nd period - Shot by Kyle Connor.
1:31 of 2nd period - Stopped by Braden Holtby without a rebound.
1:32 of 2nd period - Sam Reinhart wins face-off versus Tomas Hertl in VEGAS zone.
1:43 of 2nd period - Noah Hanifin is hit by Zach Hyman and loses puck.
4:41 of 2nd period - Nikita Zadorov is hit by Tomas Hertl and loses puck.
5:04 of 2nd period - Icing by Nick Holden.
5:05 of 2nd period - Josh Anderson wins face-off versus John Tavares in VEGAS zone.
5:19 of 2nd period - Shot by John Tavares.
5:19 of 2nd period - Stopped by Braden Holtby without a rebound.
5:20 of 2nd period - Sam Reinhart wins face-off versus Johan Larsson in VEGAS zone.
5:24 of 2nd period - Off-side.
5:25 of 2nd period - John Tavares wins face-off versus Sam Reinhart in neutral zone.
5:56 of 2nd period - Shot by Phil Kessel.
5:56 of 2nd period - Shot Misses the Net.
5:58 of 2nd period - Shot by Kyle Turris.
5:58 of 2nd period - Shot Misses the Net.
6:07 of 2nd period - Minor Penalty to Noah Hanifin for Holding.
6:08 of 2nd period - Tomas Hertl wins face-off versus Phil Kessel in VEGAS zone.
6:33 of 2nd period - Shot by Tomas Hertl.
6:33 of 2nd period - Stopped by Braden Holtby without a rebound.
6:34 of 2nd period - Kyle Turris wins face-off versus John Tavares in VEGAS zone.
6:34 of 2nd period - Kyle Turris is hit by John Tavares.
7:32 of 2nd period - Shot by Sam Reinhart.
7:32 of 2nd period - Shot Blocked by Oliver Ekman-Larsson.
7:46 of 2nd period - Shot by Oliver Ekman-Larsson.
7:46 of 2nd period - Stopped by Braden Holtby without a rebound.
7:47 of 2nd period - Kyle Turris wins face-off versus Tomas Hertl in VEGAS zone.
8:13 of 2nd period - Icing by Brett Kulak.
8:14 of 2nd period - Johan Larsson wins face-off versus Ondrej Kase in MINNESOTA zone.
8:25 of 2nd period - Shot by Daniel Sprong.
8:25 of 2nd period - Deflect By Cody Glass.
8:25 of 2nd period - Stopped by Andrei Vasilevskiy with a rebound.
8:41 of 2nd period - Shot by Matt Calvert.
8:41 of 2nd period - Shot Blocked by Noah Hanifin.
10:18 of 2nd period - Icing by Stephen Johns.
10:19 of 2nd period - Tomas Hertl wins face-off versus Sam Reinhart in VEGAS zone.
10:19 of 2nd period - Mark Giordano is hit by Slater Koekkoek and loses puck.
10:55 of 2nd period - Zach Hyman is hit by Stephen Johns and loses puck.
11:46 of 2nd period - Shot by Josh Anderson.
11:46 of 2nd period - Stopped by Andrei Vasilevskiy without a rebound.
11:47 of 2nd period - John Tavares wins face-off versus Cody Glass in MINNESOTA zone.
12:13 of 2nd period - Ondrej Kase is hit by Oliver Ekman-Larsson and loses puck.
12:16 of 2nd period - Shot by Noah Hanifin.
12:16 of 2nd period - Shot Blocked by Erik Karlsson.
12:36 of 2nd period - Erik Karlsson is hit by Nikita Zadorov.
12:59 of 2nd period - Icing by Nikita Zadorov.
13:00 of 2nd period - Victor Rask wins face-off versus Colin White in VEGAS zone.
13:00 of 2nd period - Victor Rask is hit by Tanner Pearson.
13:15 of 2nd period - Nikita Zadorov is hit by Tanner Pearson and loses puck.
13:26 of 2nd period - Shot by Colin White.
13:26 of 2nd period - Deflect By Tanner Pearson.
13:26 of 2nd period - Goal by Tanner Pearson - VEGAS : 0 - MINNESOTA : 5.
13:27 of 2nd period - Alexander Kerfoot wins face-off versus Tomas Hertl in neutral zone.
13:33 of 2nd period - Mats Zuccarello is hit by Noah Hanifin and loses puck.
13:45 of 2nd period - Icing by Noah Hanifin.
13:46 of 2nd period - Alexander Kerfoot wins face-off versus Johan Larsson in VEGAS zone.
14:35 of 2nd period - Shot by Kyle Turris.
14:35 of 2nd period - Stopped by Andrei Vasilevskiy with a rebound.
14:50 of 2nd period - Phil Kessel is hit by Mark Giordano and loses puck.
14:54 of 2nd period - Icing by Torey Krug.
14:55 of 2nd period - Tomas Hertl wins face-off versus Cody Glass in MINNESOTA zone.
15:03 of 2nd period - Ondrej Kase is hit by Zach Hyman and loses puck.
15:21 of 2nd period - Cody Glass is hit by Mark Giordano and loses puck.
15:50 of 2nd period - Jayce Hawryluk is hit by Mark Giordano and loses puck.
16:10 of 2nd period - Icing by Noah Hanifin.
16:11 of 2nd period - Victor Rask wins face-off versus John Tavares in VEGAS zone.
16:11 of 2nd period - Victor Rask is hit by Nikita Kucherov.
16:51 of 2nd period - Shot by Nikita Kucherov.
16:51 of 2nd period - Shot Misses the Net.
16:53 of 2nd period - Shot by John Tavares.
16:53 of 2nd period - Shot Misses the Net.
18:02 of 2nd period - Shot by Johan Larsson.
18:02 of 2nd period - Shot Blocked by Devon Toews.
18:04 of 2nd period - Shot by Oliver Ekman-Larsson.
18:04 of 2nd period - Shot Blocked by Alexander Kerfoot.
18:12 of 2nd period - Shot by Matt Calvert.
18:12 of 2nd period - Stopped by Braden Holtby without a rebound.
18:13 of 2nd period - Cody Glass wins face-off versus John Tavares in VEGAS zone.
19:37 of 2nd period - Shot by Mats Zuccarello.
19:37 of 2nd period - Stopped by Braden Holtby without a rebound.
19:38 of 2nd period - Colin White wins face-off versus Victor Rask in VEGAS zone.
19:47 of 2nd period - Shot by Tanner Pearson.
19:47 of 2nd period - Shot Misses the Net.
19:49 of 2nd period - Shot by Tanner Pearson.
19:49 of 2nd period - Deflect By Colin White.
19:49 of 2nd period - Stopped by Braden Holtby without a rebound.
19:50 of 2nd period - Johan Larsson wins face-off versus Alexander Kerfoot in VEGAS zone.
19:50 of 2nd period - Johan Larsson is hit by Nick Holden.
19:59 of 2nd period - Icing by Nick Holden.
Goals for this period are 0 for VEGAS vs 1 for MINNESOTA.
Shots for this period are 3 for VEGAS vs 8 for MINNESOTA.

3rd period


0:01 of 3rd period - John Tavares wins face-off versus Sam Reinhart in neutral zone.
0:03 of 3rd period - Minor Penalty to Sam Reinhart for Holding.
0:04 of 3rd period - Phil Kessel wins face-off versus John Tavares in VEGAS zone.
0:04 of 3rd period - Phil Kessel is hit by John Tavares.
0:38 of 3rd period - Shot by Mats Zuccarello.
0:38 of 3rd period - Shot Misses the Net.
1:08 of 3rd period - Off-side.
1:09 of 3rd period - Tomas Hertl wins face-off versus Phil Kessel in neutral zone.
2:02 of 3rd period - Shot by Kyle Connor.
2:02 of 3rd period - Stopped by Braden Holtby without a rebound.
2:03 of 3rd period - Johan Larsson wins face-off versus Victor Rask in VEGAS zone.
3:06 of 3rd period - Shot by John Tavares.
3:06 of 3rd period - Shot Misses the Net.
3:11 of 3rd period - Icing by Slater Koekkoek.
3:12 of 3rd period - Mats Zuccarello wins face-off versus Victor Rask in VEGAS zone.
3:21 of 3rd period - Shot by Tomas Hertl.
3:21 of 3rd period - Stopped by Braden Holtby without a rebound.
3:22 of 3rd period - Colin White wins face-off versus Alexander Kerfoot in VEGAS zone.
3:22 of 3rd period - Colin White is hit by Nick Holden.
3:48 of 3rd period - Shot by Colin White.
3:48 of 3rd period - Shot Blocked by Nick Holden.
3:50 of 3rd period - Shot by Colin White.
3:50 of 3rd period - Shot Misses the Net.
3:52 of 3rd period - Shot by Oliver Ekman-Larsson.
3:52 of 3rd period - Stopped by Braden Holtby without a rebound.
3:53 of 3rd period - Tomas Hertl wins face-off versus Sam Reinhart in VEGAS zone.
4:00 of 3rd period - Off-side.
4:01 of 3rd period - Sam Reinhart wins face-off versus Nikita Kucherov in neutral zone.
4:20 of 3rd period - Shot by Phil Kessel.
4:20 of 3rd period - Shot Blocked by Torey Krug.
4:28 of 3rd period - Shot by Kyle Turris.
4:28 of 3rd period - Stopped by Andrei Vasilevskiy without a rebound.
4:29 of 3rd period - Tomas Hertl wins face-off versus Alexander Kerfoot in MINNESOTA zone.
4:29 of 3rd period - Tomas Hertl is hit by Josh Anderson.
4:30 of 3rd period - Minor Penalty to Josh Anderson for Cross-checking.
4:31 of 3rd period - Phil Kessel wins face-off versus Tomas Hertl in VEGAS zone.
4:31 of 3rd period - Phil Kessel is hit by Zach Hyman.
4:51 of 3rd period - Shot by Tomas Hertl.
4:51 of 3rd period - Stopped by Braden Holtby without a rebound.
4:52 of 3rd period - John Tavares wins face-off versus Phil Kessel in VEGAS zone.
4:57 of 3rd period - Shot by Kyle Connor.
4:57 of 3rd period - Stopped by Braden Holtby with a rebound.
4:59 of 3rd period - Shot by Kyle Connor.
4:59 of 3rd period - Stopped by Braden Holtby with a rebound.
5:01 of 3rd period - Shot by Torey Krug.
5:01 of 3rd period - Shot Blocked by Devon Toews.
5:03 of 3rd period - Shot by Nikita Kucherov.
5:03 of 3rd period - Shot Misses the Net.
5:05 of 3rd period - Shot by Nikita Kucherov.
5:05 of 3rd period - Shot Misses the Net.
5:07 of 3rd period - Shot by John Tavares.
5:07 of 3rd period - Shot Hit the Post.
5:09 of 3rd period - Shot by Mats Zuccarello.
5:09 of 3rd period - Stopped by Braden Holtby without a rebound.
5:10 of 3rd period - Kyle Turris wins face-off versus Tomas Hertl in VEGAS zone.
5:29 of 3rd period - Shot by Erik Karlsson.
5:29 of 3rd period - Stopped by Braden Holtby without a rebound.
5:30 of 3rd period - Phil Kessel wins face-off versus John Tavares in VEGAS zone.
5:30 of 3rd period - Phil Kessel is hit by Mats Zuccarello.
5:37 of 3rd period - Icing by John Tavares.
5:38 of 3rd period - Phil Kessel wins face-off versus John Tavares in MINNESOTA zone.
5:51 of 3rd period - Shot by John Tavares.
5:51 of 3rd period - Shot Misses the Net.
5:57 of 3rd period - Shot by Torey Krug.
5:57 of 3rd period - Shot Misses the Net.
5:59 of 3rd period - Shot by Nikita Kucherov.
5:59 of 3rd period - Shot Misses the Net.
6:01 of 3rd period - Shot by Torey Krug.
6:01 of 3rd period - Shot Misses the Net.
6:03 of 3rd period - Shot by Mats Zuccarello.
6:03 of 3rd period - Shot Blocked by Nikita Zadorov.
6:05 of 3rd period - Shot by John Tavares.
6:05 of 3rd period - Stopped by Braden Holtby without a rebound.
6:05 of 3rd period - Minor Penalty to Braden Holtby for Slashing.
6:06 of 3rd period - Phil Kessel wins face-off versus Tomas Hertl in VEGAS zone.
6:06 of 3rd period - Phil Kessel is hit by Tomas Hertl.
6:15 of 3rd period - Icing by Oliver Ekman-Larsson.
6:16 of 3rd period - Tomas Hertl wins face-off versus Phil Kessel in MINNESOTA zone.
6:37 of 3rd period - Shot by Zach Hyman.
6:37 of 3rd period - Shot Misses the Net.
6:39 of 3rd period - Shot by Tomas Hertl.
6:39 of 3rd period - Stopped by Braden Holtby without a rebound.
6:40 of 3rd period - Phil Kessel wins face-off versus John Tavares in VEGAS zone.
7:11 of 3rd period - Kyle Connor is hit by Kyle Turris.
7:21 of 3rd period - Shot by Nikita Kucherov.
7:21 of 3rd period - Goal by Nikita Kucherov - VEGAS : 0 - MINNESOTA : 6.
7:22 of 3rd period - Colin White wins face-off versus Cody Glass in neutral zone.
7:27 of 3rd period - Shot by Tanner Pearson.
7:27 of 3rd period - Shot Hit the Post.
7:37 of 3rd period - Shot by Colin White.
7:37 of 3rd period - Deflect By Tanner Pearson.
7:37 of 3rd period - Stopped by Braden Holtby without a rebound.
7:38 of 3rd period - Johan Larsson wins face-off versus Victor Rask in VEGAS zone.
7:42 of 3rd period - Icing by Noah Hanifin.
7:43 of 3rd period - Colin White wins face-off versus Victor Rask in VEGAS zone.
8:14 of 3rd period - Shot by Dominik Kahun.
8:14 of 3rd period - Stopped by Braden Holtby without a rebound.
8:15 of 3rd period - Tomas Hertl wins face-off versus Sam Reinhart in VEGAS zone.
8:30 of 3rd period - Shot by Tomas Hertl.
8:30 of 3rd period - Stopped by Braden Holtby without a rebound.
8:31 of 3rd period - John Tavares wins face-off versus Alexander Kerfoot in VEGAS zone.
8:35 of 3rd period - Nikita Kucherov is hit by Stephen Johns.
8:45 of 3rd period - Shot by John Tavares.
8:45 of 3rd period - Shot Misses the Net.
8:47 of 3rd period - Shot by Kyle Connor.
8:47 of 3rd period - Shot Blocked by Slater Koekkoek.
8:49 of 3rd period - Shot by Kyle Connor.
8:49 of 3rd period - Shot Blocked by Stephen Johns.
9:55 of 3rd period - Off-side.
9:56 of 3rd period - Colin White wins face-off versus Cody Glass in neutral zone.
10:27 of 3rd period - Shot by Ondrej Kase.
10:27 of 3rd period - Stopped by Andrei Vasilevskiy with a rebound.
10:52 of 3rd period - Oliver Ekman-Larsson is hit by Cody Glass and loses puck.
11:12 of 3rd period - Icing by Torey Krug.
11:13 of 3rd period - Sam Reinhart wins face-off versus John Tavares in MINNESOTA zone.
11:18 of 3rd period - Shot by Kyle Turris.
11:18 of 3rd period - Shot Blocked by Mark Giordano.
11:20 of 3rd period - Shot by Devon Toews.
11:20 of 3rd period - Shot Blocked by Torey Krug.
11:40 of 3rd period - Shot by Nikita Kucherov.
11:40 of 3rd period - Stopped by Braden Holtby without a rebound.
11:41 of 3rd period - Zach Hyman wins face-off versus Victor Rask in VEGAS zone.
11:46 of 3rd period - Shot by Mats Zuccarello.
11:46 of 3rd period - Shot Misses the Net.
11:49 of 3rd period - Icing by Slater Koekkoek.
11:50 of 3rd period - Tomas Hertl wins face-off versus Victor Rask in VEGAS zone.
11:50 of 3rd period - Tomas Hertl is hit by Slater Koekkoek.
12:28 of 3rd period - Shot by Zach Hyman.
12:28 of 3rd period - Stopped by Braden Holtby without a rebound.
12:29 of 3rd period - John Tavares wins face-off versus Sam Reinhart in VEGAS zone.
12:36 of 3rd period - Mark Giordano is hit by Sam Reinhart and loses puck.
13:07 of 3rd period - Kyle Connor is hit by Kyle Turris and loses puck.
13:57 of 3rd period - Icing by Colin White.
13:58 of 3rd period - Cody Glass wins face-off versus Colin White in MINNESOTA zone.
14:42 of 3rd period - Icing by Oliver Ekman-Larsson.
14:43 of 3rd period - Colin White wins face-off versus Alexander Kerfoot in MINNESOTA zone.
14:43 of 3rd period - Colin White is hit by Josh Anderson.
14:46 of 3rd period - Icing by Erik Karlsson.
14:47 of 3rd period - Colin White wins face-off versus Sam Reinhart in MINNESOTA zone.
15:05 of 3rd period - Icing by Noah Hanifin.
15:06 of 3rd period - Tomas Hertl wins face-off versus Sam Reinhart in VEGAS zone.
16:00 of 3rd period - Shot by Kyle Connor.
16:00 of 3rd period - Deflect By Nikita Kucherov.
16:00 of 3rd period - Stopped by Braden Holtby without a rebound.
16:01 of 3rd period - John Tavares wins face-off versus Alexander Kerfoot in VEGAS zone.
16:01 of 3rd period - John Tavares is hit by Nikita Zadorov.
16:14 of 3rd period - Kyle Connor is hit by Nikita Zadorov and loses puck.
16:40 of 3rd period - Shot by John Tavares.
16:40 of 3rd period - Stopped by Braden Holtby without a rebound.
16:41 of 3rd period - Johan Larsson wins face-off versus Cody Glass in VEGAS zone.
16:55 of 3rd period - Shot by Matt Calvert.
16:55 of 3rd period - Stopped by Braden Holtby with a rebound.
17:04 of 3rd period - Cody Glass is hit by Erik Karlsson and loses puck.
17:44 of 3rd period - Oliver Ekman-Larsson is hit by Nick Holden and loses puck.
18:16 of 3rd period - Mark Giordano is hit by Sam Reinhart and loses puck.
18:26 of 3rd period - Tomas Hertl is hit by Nikita Zadorov and loses puck.
18:32 of 3rd period - Devon Toews is hit by Mark Giordano and loses puck.
18:43 of 3rd period - Shot by Sam Reinhart.
18:43 of 3rd period - Stopped by Andrei Vasilevskiy without a rebound.
18:44 of 3rd period - John Tavares wins face-off versus Alexander Kerfoot in MINNESOTA zone.
18:50 of 3rd period - Brett Kulak is hit by Stephen Johns and loses puck.
19:07 of 3rd period - Shot by Nikita Kucherov.
19:07 of 3rd period - Deflect By John Tavares.
19:07 of 3rd period - Shot Blocked by Stephen Johns.
19:12 of 3rd period - Minor Penalty to Stephen Johns for Slashing.
19:13 of 3rd period - Phil Kessel wins face-off versus Tomas Hertl in VEGAS zone.
Goals for this period are 0 for VEGAS vs 1 for MINNESOTA.
Shots for this period are 3 for VEGAS vs 19 for MINNESOTA.